 Dungeon Crawl Stone Soup version 0.23-a0-899-gbbae0a3 (webtiles) character file.

Game seed: 4496384389164842798

219 Lanoc the Sneak (level 5, -5/42 HPs)
             Began as a Naga Enchanter on Jan 30, 2019.
             Was an Initiate of Dithmenos.
             Slain by an ogre
             ... wielding a +0 giant club
              (6 damage)
             ... on level 4 of the Dungeon.
             The game lasted 00:09:15 (2553 turns).

Lanoc the Sneak (Naga Enchanter)                    Turns: 2553, Time: 00:09:18

Health: -5/42      AC:  2    Str: 11    XL:     5   Next: 96%
Magic:  2/8        EV: 10    Int: 15    God:    Dithmenos [......]
Gold:   179        SH:  0    Dex: 12    Spells: 5/8 levels left

rFire    . . .     SeeInvis +   e - +1 dagger (venom)
rCold    . . .     Gourm    +   (no shield)
rNeg     . . .     Faith    .   s - +0 robe (curse)
rPois    +         Spirit   .   (no helmet)
rElec    .         Reflect  .   (no cloak)
rCorr    .         Harm     .   (no gloves)
MR       .....                  (no barding)
Stlth    ++++......             g - amulet of the gourmand
HPRegen  0.14/turn              l - ring of stealth
MPRegen  0.11/turn              (no ring)

@: about to teleport, very slow
A: large, see invisible, deformed body, poison resistance, slowness 2, slow
metabolism 1, spit poison 1, AC +1
a: Spit Poison, Renounce Religion


You were on level 4 of the Dungeon.
You worshipped Dithmenos.
Dithmenos was noncommittal.
You were completely stuffed.

You visited 2 branches of the dungeon, and saw 5 of its levels.

You collected 179 gold pieces.

Inventory:

Hand Weapons
 e - a +1 dagger of venom (weapon)
Armour
 s - a cursed +0 robe (worn)
Jewellery
 g - an amulet of the gourmand (around neck)
 l - a ring of stealth (left hand)
Wands
 h - a wand of iceblast (7)
Scrolls
 a - 2 scrolls of magic mapping {unknown}
 c - a scroll of enchant weapon
 i - 3 scrolls of remove curse {unknown}
 k - a scroll of teleportation
 n - a scroll of enchant armour {unknown}
 t - a scroll of immolation {unknown}
Potions
 b - a potion of resistance {unknown}
 f - a potion of lignification
 j - a potion of curing
 m - a potion of mutation
 o - a potion of agility
 p - 2 potions of magic
 q - a potion of might
Comestibles
 d - 6 rations
 r - 2 chunks of flesh


   Skills:
 + Level 2.3 Short Blades
 + Level 2.3 Dodging
 * Level 6.9 Stealth
 - Level 2.0 Spellcasting
 * Level 4.4 Hexes


You had 5 spell levels left.
You knew the following spells:

 Your Spells              Type           Power        Failure   Level  Hunger
a - Corona                Hex            ##.....      3%          1    #......
b - Ensorcelled Hibernat  Hex/Ice        #.....       14%         2    ###....

Your spell library contained the following spells:

 Spells                   Type           Power        Failure   Level  Hunger
 Confuse                  Hex            ##......     11%         3    ###....
 Tukima's Dance           Hex            ##......     11%         3    ###....
 Dazzling Spray           Conj/Hex       #.....       26%         3    ###....


Dungeon Overview and Level Annotations

Branches:
Dungeon (4/15)             Temple (1/1) D:4

Altars:
Ashenzari
Dithmenos
Fedhas
Gozag
Kikubaaqudgha
Makhleb
Nemelex Xobeh
Okawaru
Qazlal
Ru
Trog
Uskayaw
Wu Jian
Xom
Zin
The Shining One


Innate Abilities, Weirdness & Mutations

You cannot wear boots.
Your serpentine skin is tough. (AC +1)
You have supernaturally acute eyesight. (SInv)
Armour fits poorly on your strangely shaped body.
Your system is resistant to poisons. (rPois)
You cover ground very slowly.
You have a slow metabolism.
You can spit poison.


Message History

The ogre resists with some effort.
The ogre hits you with a +0 giant club!!
Ouch! That really hurt!
* * * LOW HITPOINT WARNING * * *
The jackal bites you.
* * * LOW HITPOINT WARNING * * *
As you read the scroll labeled TYENUYCKOC, it crumbles to dust.
You feel strangely unstable.
It was a scroll of teleportation.
The jackal bites you but does no damage.
The jackal closely misses you. The ogre barely misses you.
As you read the scroll labeled CYCWYASUVVO, it crumbles to dust.
It is a scroll of enchant weapon.
Your +0 dagger of venom glows red for a moment.
The jackal bites you but does no damage.
The jackal bites you.
* * * LOW HITPOINT WARNING * * *
The jackal bites you.
* * * LOW HITPOINT WARNING * * *
The ogre hits you with a +0 giant club.
You die...

.. ### #.. ..##... #
....... #.. .......
###.....#####.......
#..........#h.......
#....#.##.O@O.......
#......#####h#.......
#......####..#......
##.#...#............
##..................# ..
#...........##...##.## ...
....#..........##.#..###...
. .##.#.......†.........#
..#..#....#.###..#..##


You could see 2 ogres and 2 jackals.

Vanquished Creatures
  An orc wizard (D:3)
  An orc priest (D:3)
  Ijyb (D:3)
  A worker ant (D:4)
  6 adders (D:3)
  An adder zombie (D:2)
  4 leopard geckos
  5 orcs
  3 ball pythons
  4 giant cockroaches
  A hobgoblin (D:2)
  3 jackals (D:3)
  3 bats
  5 frilled lizards
  5 goblins
  6 kobolds
  5 rats
55 creatures vanquished.

Notes
Turn   | Place    | Note
-------+----------+-------------------------------------------
     0 | D:1      | Lanoc the Naga Enchanter began the quest for the Orb.
     0 | D:1      | Reached XP level 1. HP: 15/15 MP: 3/3
   199 | D:1      | Reached XP level 2. HP: 19/22 MP: 5/5
   206 | D:1      | Learned a level 2 spell: Ensorcelled Hibernation
   645 | D:2      | Reached skill level 5 in Stealth
  1023 | D:2      | Reached XP level 3. HP: 28/28 MP: 6/6
  1462 | D:3      | Noticed Ijyb
  1471 | D:3      | Killed Ijyb
  1491 | D:3      | Reached XP level 4. HP: 20/36 MP: 4/7
  1762 | D:3      | Reached skill level 6 in Stealth
  1765 | D:3      | Reached XP level 5. HP: 42/42 MP: 3/8
  2047 | D:3      | Found a shimmering altar of Xom.
  2443 | D:4      | Found a staircase to the Ecumenical Temple.
  2450 | Temple   | Entered the Ecumenical Temple
  2457 | Temple   | Became a worshipper of Dithmenos the Shadowed
  2514 | D:4      | Noticed an ogre
  2545 | D:4      | Noticed an ogre
  2553 | D:4      | HP: 1/42 [jackal (2)]
  2553 | D:4      | Slain by an ogre

Vault maps used:
D:1:      lemuel_arrival_rhombus
D:2:      minmay_door_path
D:3:      minmay_spotlight, overflow_temple_1_default, serial_park_tiny_pond,
          uniq_ijyb
D:4:      minmay_temple_entry_statues_pillars, first_ration
Temple:   nicolae_temple_no_exploring_needed

Skill      XL: |  1  2  3  4 |
---------------+-------------+-----
Stealth        | 5 6 |  6.9
Dodging        | 2 |  2.3
Short Blades   | 2 |  2.3
Hexes          | 4 |  4.4
Spellcasting   | |  2.0

Action                   |  1- 3 |  4- 6 || total
-------------------------+-------+-------++-------
Melee: Dagger            |    49 |    57 ||   106
 Cast: Corona            |     1 |       ||     1
       Ensorcelled Hiber |     2 |    15 ||    17
 Abil: Spit Poison       |    13 |    14 ||    27
  Use: Scroll            |     6 |     3 ||     9
 Stab: Sleeping          |    13 |    10 ||    23
  Eat: Chunk             |     9 |     8 ||    17
Armor: Robe              |     3 |    12 ||    15
Dodge: Dodged            |    20 |    28 ||    48

Table legend:
 A = Non-vault XP
 B = Vault XP
 C = Vault XP percentage of total XP
 D = Non-vault monster count
 E = Vault monster count
 F = Vault count percentage of total count
                 A         B        C        D         E       F
            +---------+---------+-------+---------+---------+-------
      Total |     259 |      55 |  17.5 |      49 |       6 |  10.9
            +---------+---------+-------+---------+---------+-------
        D:1 |      12 |       0 |   0.0 |       7 |       0 |   0.0
        D:2 |      26 |       5 |  16.1 |      14 |       3 |  17.6
        D:3 |     185 |      50 |  21.3 |      26 |       3 |  10.3
        D:4 |      36 |       0 |   0.0 |       2 |       0 |   0.0
            +---------+---------+-------+---------+---------+-------
